 Dungeon Crawl Stone Soup version 0.25-a0-603-g0321be95db (webtiles) character file.

Game seed: 10281579959074759404, levelgen mode: deterministic

577 Mehrunes the Transmogrifier (level 7, -2/48 HPs)
             Began as a Merfolk Transmuter on Mar 16, 2020.
             Slain by an orc warrior
             ... wielding a cursed -2 hand axe
              (14 damage)
             ... on level 4 of the Dungeon.
             The game lasted 00:17:43 (5297 turns).

Mehrunes the Transmogrifier (Merfolk Transmuter)    Turns: 5297, Time: 00:17:43

Health: -2/48      AC:  4    Str: 10    XL:     7   Next: 35%
Magic:  10/10      EV: 13    Int: 14    God:
Gold:   209        SH:  0    Dex: 15    Spells: 2/10 levels left

rFire    . . .     SeeInvis .   w - +0 dagger (venom)
rCold    . . .     Gourm    .   (no shield)
rNeg     . . .     Faith    .   b - +0 robe
rPois    .         Spirit   .   (no helmet)
rElec    .         Reflect  .   (no cloak)
rCorr    .         Harm     .   h - +0 pair of gloves
MR       .....                  q - +0 pair of boots
Stlth    +.........             (no amulet)
HPRegen  0.16/turn              (no ring)
MPRegen  0.12/turn              (no ring)

@: mighty
A: change form in water, swift swim, stealthy swim
a: no special abilities


You were on level 4 of the Dungeon.
You were hungry.

You visited 1 branch of the dungeon, and saw 4 of its levels.
You also visited: Sewer.

You collected 209 gold pieces.

Inventory:

Hand Weapons
 w - a +0 dagger of venom (weapon)
Missiles
 a - 10 arrows
 j - 2 javelins (quivered)
Armour
 b - a +0 robe (worn)
 h - a +0 pair of gloves (worn)
 q - a +0 pair of boots (worn)
Scrolls
 c - 2 scrolls of remove curse {unknown}
 i - 2 scrolls of identify
 k - a scroll of enchant weapon
 m - a scroll of noise
 o - a scroll of amnesia {unknown}
 r - 3 scrolls of teleportation {unknown}
Potions
 e - a potion of stabbing {unknown}
 f - 2 potions of magic
 g - 2 potions of degeneration
 l - 2 potions of brilliance
 n - a potion of curing
 p - 2 potions of flight {unknown}
 s - a potion of might
 t - 2 potions of haste {unknown}
 u - 3 potions of heal wounds {unknown}
Comestibles
 d - 5 rations


   Skills:
 - Level 1.1 Fighting
 - Level 2.6 Dodging
 - Level 3.2 Unarmed Combat
 - Level 2.0 Spellcasting
 + Level 10.3 Transmutations


You had 2 spell levels left.
You knew the following spells:

 Your Spells              Type           Power        Failure   Level  Hunger
a - Beastly Appendage     Tmut           ####..       1%          1    ##.....
b - Sticks to Snakes      Tmut           ####....     1%          2    ###....
c - Blade Hands           Tmut           ####......   10%         5    ######.

Your spell library contained the following spells:

 Spells                   Type           Power        Failure   Level  Hunger
 Magic Dart               Conj           #...         24%         1    ##.....
 Searing Ray              Conj           #.....       34%         2    ###....
 Spider Form              Tmut/Pois      ###.......   9%          3    ####...
 Ice Form                 Ice/Tmut       ###.....     28%         4    #####..
 Dazzling Flash           Conj/Hex       #.....       56%         3    ####...
 Fulminant Prism          Conj/Hex       #.........   93%         4    #####..
 Iskenderun's Mystic Bla  Conj/Tloc      #.......     93%         4    #####..


Dungeon Overview and Level Annotations

Branches:
Dungeon (4/15)              Sewer (visited)
 Temple: D:4-7

Altars:
Elyvilon


Message History

The orc warrior hits you with a cursed -2 hand axe!
The orc wizard casts a spell.
The orc wizard blinks!
You hit the orc warrior but do no damage.
The orc warrior is poisoned.
The orc warrior hits you with a cursed -2 hand axe.
You hit the orc warrior but do no damage.
The orc warrior looks as sick as possible!
The orc warrior is lightly wounded.
The orc warrior completely misses you.
You hit the orc warrior but do no damage.
The orc warrior looks as sick as possible!
The orc warrior is lightly wounded.
The orc warrior hits you with a cursed -2 hand axe!!
* * * LOW HITPOINT WARNING * * *
You hit the orc warrior.
The orc warrior looks as sick as possible!
The orc warrior is heavily wounded.
The orc warrior hits you with a cursed -2 hand axe!
You die...

#...≈## ##≈...#.# #.##.#
#♣..≈≈## ##≈≈..♣#.# ###.##.#
#...≈≈## ##≈≈...##o####......#
##...≈≈#####≈≈...##.............
##...≈≈≈#≈≈≈...###..####.#.##.#
##...........## #§.# #.#.##.#
##.........## #..# #.#.##.#
##♣.....♣######..####.#.....
##'''###.@o.oo...........#
#......############.######
.#.##......############.#
#.......................#
######.....##############
#.....# #######


You could see an orc warrior, an orc wizard and an orc.

Vanquished Creatures
  2 big kobolds (Sewer)
  3 big kobold zombies (Sewer)
  An adder (D:3)
  2 shadow imps (Sewer)
  2 ufetubi (Sewer)
  3 oozes
  A worm (D:2)
  A dart slug (D:1)
  3 leopard geckos
  3 orcs
  8 giant cockroaches
  7 hobgoblins
  10 jackals
  28 kobolds
  3 quokkas
  2 ball pythons
  16 bats
  7 frilled lizards
  10 goblins
  9 rats
121 creatures vanquished.

Vanquished Creatures (collateral kills)
  Grinder (Sewer)
  A phantom (Sewer)
2 creatures vanquished.

Grand Total: 123 creatures vanquished

Notes
Turn   | Place    | Note
-------+----------+-------------------------------------------
     0 | D:1      | Mehrunes the Merfolk Transmuter began the quest for the
                  | Orb.
     0 | D:1      | Reached XP level 1. HP: 15/15 MP: 3/3
   123 | D:1      | Reached skill level 3 in Transmutations
   183 | D:1      | Reached XP level 2. HP: 18/21 MP: 3/5
   188 | D:1      | Learned a level 2 spell: Sticks to Snakes
   277 | D:1      | Reached skill level 4 in Transmutations
   587 | D:1      | Reached XP level 3. HP: 17/26 MP: 4/6
   956 | D:1      | Reached skill level 5 in Transmutations
  1947 | D:2      | Reached XP level 4. HP: 32/32 MP: 7/7
  1967 | D:2      | Found a white marble altar of Elyvilon.
  2417 | D:2      | Reached skill level 6 in Transmutations
  2813 | D:3      | Found a glowing drain.
  2857 | Sewer    | Entered a sewer
  3307 | Sewer    | Reached XP level 5. HP: 28/37 MP: 1/8
  3638 | Sewer    | Found an ancient bone altar of Kikubaaqudgha.
  3638 | Sewer    | Noticed a big kobold
  3640 | Sewer    | Reached skill level 7 in Transmutations
  3665 | Sewer    | Killed a big kobold
  3892 | Sewer    | Noticed a big kobold
  4106 | Sewer    | Killed a big kobold
  4106 | Sewer    | Reached skill level 8 in Transmutations
  4106 | Sewer    | Reached XP level 6. HP: 27/43 MP: 9/9
  4225 | Sewer    | Learned a level 5 spell: Blade Hands
  4252 | Sewer    | Noticed Grinder
  4281 | Sewer    | Paralysed by Grinder for 4 turns
  4336 | Sewer    | Paralysed by Grinder for 7 turns
  4340 | Sewer    | Killed Grinder
  4340 | Sewer    | Reached skill level 9 in Transmutations
  4340 | Sewer    | Reached XP level 7. HP: 41/48 MP: 4/10
  4516 | Sewer    | Reached skill level 10 in Transmutations
  5297 | D:4      | Slain by an orc warrior

Levels and vault maps discovered:
D:1:      co_arrival_random_square_maze, layout_basic, minmay_tripent
D:2:      minmay_diamond_boxcup, layout_basic, lemuel_round_altar,
          grunt_decor_cap
D:3:      layout_rooms, portal_sewer_entry_f
D:4:      layout_loops_ring, kennysheep_donut, uniq_eustachio

Skill      XL: |  1  2  3  4  5  6  7 |
---------------+----------------------+-----
Transmutations | 3 4 5 6 8 9 10 | 10.3
Fighting       | |  1.1
Dodging        | |  2.6
Unarmed Combat | |  3.2
Spellcasting   | |  2.0

Action                   |  1- 3 |  4- 6 |  7- 9 || total
-------------------------+-------+-------+-------++-------
Melee: Unarmed           |   126 |   201 |    76 ||   403
       Headbutt          |     9 |    33 |     9 ||    51
       Punch             |     1 |       |     2 ||     3
       Tailslap          |       |     4 |       ||     4
       Dagger            |       |       |     7 ||     7
Throw: Javelin           |    12 |    10 |       ||    22
 Cast: Beastly Appendage |    25 |    25 |     6 ||    56
       Sticks to Snakes  |       |    10 |     4 ||    14
  Use: Scroll            |       |     4 |       ||     4
       Potion            |       |       |     3 ||     3
  Eat: Chunk             |     4 |     5 |       ||     9
       Ration            |       |     1 |     1 ||     2
Armor: Robe              |    36 |    53 |    17 ||   106
Dodge: Dodged            |   116 |   176 |    60 ||   352

Table legend:
 A = Non-vault XP
 B = Vault XP
 C = Vault XP percentage of total XP
 D = Non-vault monster count
 E = Vault monster count
 F = Vault count percentage of total count
                 A         B        C        D         E       F
            +---------+---------+-------+---------+---------+-------
      Total |     152 |     673 |  81.6 |      78 |      45 |  36.6
            +---------+---------+-------+---------+---------+-------
        D:1 |      69 |       3 |   4.2 |      39 |       2 |   4.9
        D:2 |      30 |      11 |  26.8 |      19 |       7 |  26.9
        D:3 |      45 |       9 |  16.7 |      17 |       4 |  19.0
        D:4 |       8 |       0 |   0.0 |       3 |       0 |   0.0
      Sewer |       0 |     650 | 100.0 |       0 |      32 | 100.0
            +---------+---------+-------+---------+---------+-------
